 Dungeon Crawl Stone Soup version 0.29.1-debian-1-gc3f1650bb9 (webtiles) character file.

Game seed: 5114702525136557868

3229 zishaf the Zephyrmancer (level 9, -8/55 HPs)
             Began as a Tengu Air Elementalist on Sept 12, 2022.
             Was a Follower of Sif Muna.
             Killed by divine providence
             ... invoked by an orc priest
              (14 damage)
             ... on level 7 of the Dungeon.
             The game lasted 00:15:03 (11700 turns).

zishaf the Zephyrmancer (Tengu Air Elementalist)   Turns: 11700, Time: 00:15:04

Health: -8/55      AC:  6    Str:  9    XL:     9   Next: 98%
Magic:  13/17      EV: 14    Int: 22    God:    Sif Muna [*.....]
Gold:   402        SH:  5    Dex: 15    Spells: 8/18 levels left

rFire   . . .      SeeInvis .   j - +7 dagger of Inquiry {vorpal, rC+ Int+3}
rCold   + . .      Faith    .   d - +0 buckler
rNeg    . . .      Spirit   .   q - +2 robe {Archmagi}
rPois   +          Reflect  .   (helmet restricted)
rElec   .          Harm     .   f - +1 cloak
rCorr   .          Rampage  .   (no gloves)
Will    .....      Archmagi +   (boots unavailable)
Stlth   ++........              (no amulet)
HPRegen 0.18/turn               e - ring of poison resistance
MPRegen 0.15/turn               (no ring)

@: about to teleport, flying quickly and evasively, quick
A: beak, talons 3, nimble flight
a: Renounce Religion, Channel Magic


You were on level 7 of the Dungeon.
You worshipped Sif Muna.
Sif Muna was aware of your devotion.
You visited 2 branches of the dungeon, and saw 8 of its levels.

You collected 402 gold pieces.

Inventory:

Hand Weapons
 g - a +3 war axe
 j - the +7 dagger of Inquiry (weapon) {vorpal, rC+ Int+3}
   (You found it on level 3 of the Dungeon)

   It inflicts extra damage upon your enemies.
   Int:       It affects your intelligence (+3).
   rC:        It protects you from cold.
Missiles
 i - 4 throwing nets (quivered)
Armour
 d - a +0 buckler (worn)
 f - a +1 cloak (worn)
 p - a +1 leather armour of willpower
 q - a +2 robe of the Archmagi (worn)
Jewellery
 e - a ring of poison resistance (left hand)
Wands
 l - a wand of light (11)
Scrolls
 c - 3 scrolls of identify
 m - 2 scrolls of teleportation
 n - 2 scrolls of summoning
Potions
 a - 2 potions of lignification
 b - 2 potions of magic
 h - 6 potions of curing
 k - 2 potions of ambrosia
 o - a potion of brilliance


   Skills:
 + Level 6.1 Fighting
 - Level 2.1 Dodging
 - Level 2.0 Stealth
 - Level 5.0 Shields
 - Level 5.0 Spellcasting
 + Level 8.4 Conjurations
 + Level 9.2 Air Magic
 + Level 3.1 Invocations


You had 8 spell levels left.
You knew the following spells:

 Your Spells              Type           Power      Damage    Failure   Level
a - Shock                 Conj/Air       100%       1d9       1%          1
b - Airstrike             Air            31%        2d(5-21)  3%          4
A - Static Discharge      Conj/Air       100%       3-10/arc  1%          2
B - Swiftness             Air            62%        N/A       1%          3

Your spell library contained the following spells:

 Spells                   Type           Power      Damage    Failure   Level
 Apportation              Tloc           16%        N/A       13%         1
 Necrotise                Necr           32%        1d5       13%         1
 Summon Small Mammal      Summ           32%        N/A       13%         1
 Gell's Gravitas          Tloc           8%         N/A       36%         3
 Lesser Beckoning         Tloc           8%         N/A       36%         3
 Portal Projectile        Hex/Tloc       16%        N/A       36%         3
 Teleport Other           Tloc           8%         N/A       36%         3
 Tukima's Dance           Hex            8%         N/A       36%         3
 Petrify                  Tmut/Erth      8%         N/A       77%         4
 Blade Hands              Tmut           4%         N/A       98%         5
 Metabolic Englaciation   Hex/Ice        4%         N/A       98%         5
 Statue Form              Tmut/Erth      5%         N/A       100%        6


Dungeon Overview and Level Annotations

Branches:
Dungeon (7/15)             Temple (1/1) D:6

Altars:
Cheibriados
Makhleb
Okawaru
Ru
Sif Muna
Trog
Wu Jian
Yredelemnul
The Shining One

Annotations:
D:6 1 exclusion


Innate Abilities, Weirdness & Mutations

You have a beak for a mouth.
You have claws for feet.
Your magical nature lets you fly swiftly and evasively.


Message History

Okay, then.
An orc priest is nearby!
The orc priest shouts!
The orc priest calls down the wrath of Beogh upon you.
Beogh smites you!
An orc priest comes into view. It is wielding a +0 short sword.
The orc priest closely misses you.
You closely miss the orc priest.
The orc priest shouts!
Your kick misses the orc priest. You peck the orc priest.
The orc priest is moderately wounded.
You hear a shout!
The orc priest miscasts a cantrip.
The orc priest mumbles some strange prayers to Beogh against you.
Beogh smites you!
Casting: Static Discharge (safe; 1% risk of failure)
Confirm with . or Enter, or press ? or * to list all spells.
You feel a surge of power!
The orc priest is struck by an arc of lightning.
The orc priest is heavily wounded.
You are struck by an arc of lightning.
The lightning grounds out.
The orc priest mumbles some strange prayers to Beogh against you.
Beogh smites you!
* * * LOW HITPOINT WARNING * * *
An orc warrior comes into view. It is wielding a +0 trident.
The orc priest calls upon Beogh to heal the orc priest.
The orc priest is healed somewhat.
Casting: Static Discharge (safe; 1% risk of failure)
Confirm with . or Enter, or press ? or * to list all spells.
You feel a surge of power!
The orc priest is struck by an arc of lightning!
You kill the orc priest!
Sif Muna accepts your kill.
You are struck by an arc of lightning.
* * * LOW HITPOINT WARNING * * *
As you read the scroll of teleportation, it crumbles to dust.
You feel strangely unstable.
The orc priest mumbles some strange prayers to Beogh against you.
Beogh smites you!
You die...

.............(..........#
........................#
....................o...#
.....................o..#
.....(..................#
.....)<..............?..#
......)..........)......#
........)...............#
................@.......#
.........................
................).......#
........................#
.................)......#
........................#
........................#
........................#
........................#


You could see an orc warrior and an orc priest.

Vanquished Creatures
  Sigmund (D:4)
  Eustachio (D:6)
  Menkaure (D:7)
  An acid dragon (D:6)
  2 water moccasins
  3 black bears
  A sky beast (D:6)
  3 ice beasts
  2 ogres
  A kobold brigand (D:7)
  2 gnoll sergeants (D:6)
  2 scorpions
  3 wights (D:6)
  3 killer bees
  3 jellies
  A hound (D:5)
  Crazy Yiuf (D:4)
  2 gnoll boudas (D:5)
  3 orc priests
  Natasha (twice) (D:4)
  5 iguanas
  2 orc wizards (D:6)
  A hound zombie (D:2)
  31 gnolls
  11 adders
  2 shadow imps (D:6)
  3 white imps
  2 ufetubi
  An adder zombie (D:2)
  2 adder skeletons (D:2)
  A worm (D:2)
  2 dart slugs
  7 orcs
  3 bats
  A bat zombie (D:2)
  An endoplasm (D:2)
  5 giant cockroaches
  8 goblins
  4 hobgoblins
  18 jackals
  4 quokkas
  10 ball pythons
  A ball python zombie (D:2)
  3 frilled lizards
  A giant cockroach zombie (D:2)
  18 kobolds
  3 rats
188 creatures vanquished.

Vanquished Creatures (others)
  A demonic plant (D:3)
  A fungus (D:3)
  20 plants
  3 withered plants (D:3)
25 creatures vanquished.

Grand Total: 213 creatures vanquished

Notes
Turn   | Place    | Note
-------+----------+-------------------------------------------
     0 | D:1      | zishaf the Tengu Air Elementalist began the quest for the
                  | Orb.
     0 | D:1      | Reached XP level 1. HP: 10/10 MP: 4/4
   176 | D:1      | Reached XP level 2. HP: 3/16 MP: 3/6
   426 | D:1      | Learned a level 2 spell: Static Discharge
   780 | D:1      | Reached skill level 1 in Fighting
  1067 | D:1      | Reached XP level 3. HP: 7/20 MP: 1/7
  2088 | D:2      | Reached XP level 4. HP: 15/25 MP: 4/8
  2632 | D:2      | Gained mutation: Your magical nature lets you fly swiftly
                  | and evasively. [Tengu growth]
  2632 | D:2      | Reached XP level 5. HP: 19/30 MP: 0/10
  2641 | D:2      | Reached skill level 5 in Air Magic
  2769 | D:2      | Reached skill level 1 in Shields
  3208 | D:3      | Found a faded altar of an unknown god.
  3460 | D:3      | HP: 1/30 [gnoll/+0 spear (6)]
  3832 | D:3      | Identified the +7 dagger of Inquiry {vorpal, rC+ Int+3}
  4428 | D:3      | Reached XP level 6. HP: 29/35 MP: 11/11
  4732 | D:4      | Noticed Sigmund
  4740 | D:4      | Killed Sigmund
  4935 | D:4      | Reached XP level 7. HP: 26/40 MP: 8/13
  5095 | D:4      | Found a sacrificial altar of Ru.
  5442 | D:4      | Found a snail-covered altar of Cheibriados.
  5662 | D:4      | Noticed Natasha
  5667 | D:4      | Killed Natasha
  5738 | D:4      | Reached skill level 6 in Air Magic
  5873 | D:4      | Found an ornate altar of the Wu Jian Council.
  6061 | D:4      | Noticed Natasha
  6066 | D:4      | Killed Natasha
  6228 | D:4      | Found a runed translucent door.
  6229 | D:4      | Noticed Crazy Yiuf
  6415 | D:4      | Killed Crazy Yiuf
  6662 | D:5      | Entered Level 5 of the Dungeon
  6800 | D:5      | Reached skill level 5 in Conjurations
  6985 | D:5      | Reached XP level 8. HP: 35/48 MP: 15/15
  7461 | D:5      | Reached skill level 7 in Air Magic
  7825 | D:5      | HP: 2/48 [/static electricity (4)]
  8796 | D:6      | Found a burning altar of Makhleb.
  9044 | D:6      | Found a glowing golden altar of the Shining One.
  9102 | D:6      | Reached skill level 5 in Spellcasting
  9102 | D:6      | Reached XP level 9. HP: 34/53 MP: 10/17
  9138 | D:6      | Learned a level 4 spell: Airstrike
  9142 | D:6      | Learned a level 3 spell: Swiftness
  9237 | D:6      | Found a staircase to the Ecumenical Temple.
  9240 | D:6      | Noticed Eustachio
  9244 | Temple   | Entered the Ecumenical Temple
  9266 | Temple   | Became a worshipper of Sif Muna the Loreminder
  9390 | D:6      | Killed Eustachio
  9391 | D:6      | Reached skill level 5 in Fighting
  9391 | D:6      | Reached skill level 8 in Air Magic
  9506 | D:6      | Reached skill level 1 in Invocations
  9587 | D:6      | Found a bloodstained altar of Trog.
 10381 | D:6      | Reached skill level 5 in Shields
 11332 | D:6      | Reached skill level 9 in Air Magic
 11670 | D:7      | Noticed Menkaure
 11675 | D:7      | Killed Menkaure
 11675 | D:7      | Reached * piety under Sif Muna
 11700 | D:7      | Killed from afar by an orc priest

Illustrated notes

Levels and vault maps discovered:
D:1:      eino_arrival_water_star, layout_basic
D:2:      layout_loops_ring, serial_undead, serial_undead_c, serial_undead_e,
          serial_undead_a, serial_undead_d, serial_undead_e, serial_undead_d,
          serial_undead_e
D:3:      layout_loops_ring, shapermc_ecumenical_altar_gd, serial_bayou_pond_a
D:4:      layout_loops_corners, mainiacjoe_overflow_cross_hatched,
          lemuel_tele_altar, mainiacjoe_overflow_small_starburst,
          chequers_serial_rivers_micro_c, dreamdust_wishing_well,
          dk_noncrumbling_4, minmay_door_square, uniq_crazy_yiuf_cottage,
          uniq_natasha, uniq_sigmund
D:5:      layout_basic
D:6:      layout_basic, demons_altar, mainiacjoe_overflow_brackets,
          mainiacjoe_overflow_surrounded_room, minmay_temple_entry_trees,
          minmay_fractal_squares_gapless_5, uniq_eustachio
D:7:      layout_basic, biasface_ghost_orc_armoury, uniq_maggie, uniq_menkaure
Temple:   jpeg_temple_clearing

Skill      XL: |  1  2  3  4  5  6  7  8  9 |
---------------+----------------------------+-----
Conjurations   | 2 3 4 5 6 8 |  8.4
Fighting       | 1 2 3 4 6 |  6.1
Air Magic      | 5 6 7 9 |  9.2
Shields        | 1 2 3 4 5 |  5.0
Spellcasting   | 3 4 5 |  5.0
Invocations    | 3 |  3.1
Dodging        | |  2.1
Stealth        | |  2.0

Action                   |  1- 3 |  4- 6 |  7- 9 || total
-------------------------+-------+-------+-------++-------
Melee: Quarterstaff      |     5 |       |       ||     5
       Short sword       |    58 |     4 |       ||    62
       Kick              |     8 |    23 |    45 ||    76
       Peck              |    10 |    10 |    36 ||    56
       War axe           |       |    46 |       ||    46
       Dagger            |       |    53 |   161 ||   214
Throw: Throwing net      |       |     1 |       ||     1
 Cast: Shock             |    35 |    12 |    53 ||   100
       Static Discharge  |     2 |    11 |    60 ||    73
       Airstrike         |       |       |     2 ||     2
  Use: Scroll            |       |     4 |     8 ||    12
 Stab: Sleeping          |     3 |     5 |     5 ||    13
Armor: Robe              |    17 |    14 |    13 ||    44
       Leather armour    |       |       |    26 ||    26
Dodge: Dodged            |    59 |    69 |    99 ||   227
Block: Buckler           |       |     9 |    30 ||    39
